 Dungeon Crawl Stone Soup version 0.31-a0-854-g362426d53f (webtiles) character file.

Game seed: 3722628429573369433

6220198 Charly the Conqueror (level 27, 199/199 HPs)
             Began as a Demonspawn Artificer on Oct 8, 2023.
             Was an Initiate of Gozag.
             Escaped with the Orb
             ... and 8 runes!
             The game lasted 03:58:30 (78563 turns).

Charly the Conqueror (Demonspawn Artificer)        Turns: 78563, Time: 03:58:31

Health: 199/199    AC: 49    Str: 20    XL:     27
Magic:  30/30      EV: 20    Int: 12    God:    Gozag
Gold:   3649       SH:  0    Dex: 26    Spells: 22/36 levels left

rFire   + + .        O - +8 pair of quick blades "Gyre" and "Gimble" {protect}
rCold   + . .        (shield currently unavailable)
rNeg    + . .        j - +9 scales of the Dragon King {rPois rF+ rC+ Will+}
rPois   +            s - +3 crown of Dyrovepreva {rElec Int+2 SInv}
rElec   +            X - +4 dragonskin cloak
rCorr   .            (gloves unavailable)
SInv    +            M - +2 pair of boots {rampage}
Will    +++++        K - necklace of Bloodlust {Fury *Rage Will++ Int-3 Slay+6}
Stlth   +            P - ring of Salvation {rPois rF+ Slay+3}
HPRegen 0.53/turn    w - ring "Inuu" {rN+ Slay+4}
MPRegen 0.22/turn

%: clarity, rampage
@: studying 2 skills, bribing [the Dungeon]
A: thin skeletal structure 3, powered by death 3, powered by pain 3, black mark,
bedeviling, aura of silence, demonic touch 3, clarity, frail 2
0: Orb of Zot
}: 8/15 runes: barnacled, slimy, silver, demonic, glowing, magical, fiery,
gossamer
a: Renounce Religion, Potion Petition, Call Merchant, Bribe Branch


You escaped.
You worshipped Gozag.
Gozag was most pleased with you.
You visited 11 branches of the dungeon, and saw 55 of its levels.
You visited Pandemonium 1 time, and saw 14 of its levels.
You visited 1 bazaar.
You visited 1 ziggurat, and saw 13 of its levels.
You also visited: Sewer, Ossuary, Ice Cave and Volcano.

You collected 40025 gold pieces.
You spent 16105 gold pieces at shops.
You paid 20271 gold pieces to Gozag.

Inventory:

Hand Weapons
 O - the +8 pair of quick blades "Gyre" and "Gimble" (weapon) {protect}
   (You bought it in a shop on level 2 of the Orcish Mines)
Missiles
 p - 9 throwing nets (quivered)
 V - 11 curare-tipped darts
Armour
 j - the +9 scales of the Dragon King (worn) {rPois rF+ rC+ Will+}
   (You bought it in a shop on level 2 of the Vaults)

   rF+:       It protects you from fire.
   rC+:       It protects you from cold.
   rPois:     It protects you from poison Will+: It increases your willpower.
 n - the +3 hat "Tent" {rN+++}
   (You acquired it on level 2 of the Vaults)

   rN+++:     It renders you almost immune to negative energy.
 s - the +3 crown of Dyrovepreva (worn) {rElec Int+2 SInv}
   (You found it on level 5 of the Vaults)

   Int+2:     It affects your intelligence (+2).
   rElec:     It insulates you from electricity.
   SInv:      It lets you see invisible.
 z - the +0 hat of the Kangaroo {Rampage rElec}
   (You found it on level 3 of the Elven Halls)

   rElec:     It insulates you from electricity.
   Rampage:   It bestows one free step when moving towards enemies.
 J - the +0 cloak "Naohomy" {*Slow Slay+3 SInv}
   (You found it on level 1 of the Vaults)

   Slay+3:    It affects your accuracy & damage with ranged weapons and melee
   (+3).
   SInv:      It lets you see invisible.
   *Slow:     It may slow you when you take damage.
 M - a +2 pair of boots of rampaging (worn)
 R - the +2 helmet of Action {Rampage Fly rN+ Str-4}
   (You found it on level 13 of the Dungeon)

   Str-4:     It affects your strength (-4).
   rN+:       It protects you from negative energy.
   Fly:       It grants you flight.
   Rampage:   It bestows one free step when moving towards enemies.
 X - the +4 dragonskin cloak (worn)
   (You took it off Tiamat on level 1 of the Realm of Zot)

   Avatar's Aegis: It grants the wearer a chance to resist fire, cold, poison,
   electricity, acid, and negative energy.
Jewellery
 c - the ring of Coplism {rC++ Will+ MP+9}
   (You acquired it on level 8 of the Dungeon)

   [ring of magical power]

   rC++:      It greatly protects you from cold.
   Will+:     It increases your willpower.
   MP+9:      It affects your magic capacity (+9).
 f - the ring of Erucuap {rPois rF++ rCorr Int-2 Dex+2}
   (You bought it in a shop on level 8 of the Dungeon)

   [ring of resist corrosion]

   Int-2:     It affects your intelligence (-2).
   Dex+2:     It affects your dexterity (+2).
   rF++:      It greatly protects you from fire.
   rPois:     It protects you from poison rCorr: It protects you from acid and
   corrosion.
 m - the ring "Behiopim" {*Corrode rElec Will++ MP+9 Dex+3}
   (You found it on level 7 of the Dungeon)

   [ring of magical power]

   Dex+3:     It affects your dexterity (+3).
   rElec:     It insulates you from electricity.
   Will++:    It greatly increases your willpower.
   MP+9:      It affects your magic capacity (+9).
   *Corrode:  It may corrode you when you take damage.
 w - the ring "Inuu" (right hand) {rN+ Slay+4}
   (You bought it in a shop on level 5 of the Realm of Zot)

   [ring of slaying]

   Slay+4:    It affects your accuracy & damage with ranged weapons and melee
   (+4).
   rN+:       It protects you from negative energy.
 K - the necklace of Bloodlust (around neck) {Fury *Rage Will++ Int-3 Slay+6}
   (You found it on level 10 of the Dungeon)

   [amulet of nothing]

   Fury:      It extends the wearer's berserk rage when killing foes.
   Int-3:     It affects your intelligence (-3).
   Slay+6:    It affects your accuracy & damage with ranged weapons and melee
   (+6).
   Will++:    It greatly increases your willpower.
   *Rage:     It berserks you when you make melee attacks (+50% chance).
 P - the ring of Salvation (left hand) {rPois rF+ Slay+3}
   (You took it off a vault warden on level 5 of the Vaults)

   [ring of protection from fire]

   Slay+3:    It affects your accuracy & damage with ranged weapons and melee
   (+3).
   rF+:       It protects you from fire.
   rPois:     It protects you from poison
Wands
 d - a wand of charming (92)
 L - a wand of roots (86)
 Q - a wand of mindburst (70)
 U - a wand of light (58)
 Y - a wand of digging (19)
Scrolls
 a - 5 scrolls of butterflies
 b - 15 scrolls of blinking
 h - 10 scrolls of revelation
 l - 12 scrolls of fog
 o - 66 scrolls of teleportation
 r - 13 scrolls of fear
 t - 12 scrolls of poison
 x - 6 scrolls of immolation
 B - 16 scrolls of vulnerability
 N - 16 scrolls of enchant armour
 T - 5 scrolls of silence
Potions
 e - 17 potions of curing
 g - a potion of mutation
 i - 3 potions of resistance
 k - 8 potions of might
 q - 6 potions of invisibility
 u - 6 potions of magic
 v - 10 potions of lignification
 A - 5 potions of haste
 D - 10 potions of cancellation
 E - 7 potions of berserk rage
 F - 21 potions of heal wounds
 G - 3 potions of attraction
 H - 8 potions of brilliance
 I - 9 potions of ambrosia
 S - 8 potions of enlightenment
Miscellaneous
 y - a sack of spiders
 C - a phial of floods
 W - a lightning rod (4/4)
 Z - a phantom mirror


   Skills:
 O Level 27 Fighting
 + Level 16.0 Short Blades
 + Level 26.8 Armour
 + Level 25.6 Dodging
 + Level 13.9 Stealth
 - Level 5.0 Spellcasting
 - Level 9.0 Hexes
 + Level 18.2 Evocations


You had 22 spell levels left.
You knew the following spells:

 Your Spells              Type           Power      Damage    Failure   Level
a - Confusing Touch       Hex            36%        N/A       16%         3
b - Sigil of Binding      Hex            36%        N/A       16%         3
i - Inner Flame           Hex/Fire       20%        N/A       71%         3
t - Tukima's Dance        Hex            36%        N/A       16%         3
w - Wereblood             Tmut           3%         N/A       97%         2

Your spell library contained the following spells:

 Spells                   Type           Power      Damage    Failure   Level
 Slow                     Hex            100%       N/A       5%          1
 Jinxbite                 Hex            72%        N/A       9%          2
 Ensorcelled Hibernation  Hex/Ice        40%        N/A       45%         2
 Cause Fear               Hex            18%        N/A       47%         4
 Summon Guardian Golem    Hex/Summ       20%        N/A       71%         3
 Foxfire                  Conj/Fire      12%        2x1d4     91%         1
 Freeze                   Ice            12%        1d3       91%         1
 Kiss of Death            Conj/Necr      12%        2d6       91%         1
 Magic Dart               Conj           12%        1d3       91%         1
 Necrotise                Necr           12%        1d4       91%         1
 Shock                    Conj/Air       12%        1d3       91%         1
 Sting                    Tmut/Pois      12%        1d3       91%         1
 Summon Small Mammal      Summ           12%        N/A       91%         1
 Blink                    Tloc           6%         N/A       97%         2
 Call Imp                 Summ           6%         N/A       97%         2
 Cigotuvi's Dreadful Rot  Necr/Pois/Air  6%         N/A       97%         2
 Lesser Beckoning         Tloc           6%         N/A       97%         2
 Momentum Strike          Conj/Tloc      6%         3d8       97%         2
 Passwall                 Tmut/Erth      2%         N/A       97%         2
 Poisonous Vapours        Pois/Air       6%         N/A       97%         2
 Scorch                   Fire           6%         2d5       97%         2
 Searing Ray              Conj           6%         2d4       97%         2
 Static Discharge         Conj/Air       6%         2-3/arc   97%         2
 Sublimation of Blood     Necr           3%         N/A       97%         2
 Anguish                  Hex/Necr       10%        N/A       98%         4
 Dimensional Bullseye     Hex/Tloc       10%        N/A       98%         4
 Fulminant Prism          Conj/Hex       10%        3d8       98%         4
 Leda's Liquefaction      Hex/Erth       10%        N/A       98%         4
 Call Canine Familiar     Summ           3%         N/A       100%        3
 Frozen Ramparts          Ice            6%         1d1       100%        3
 Gell's Gravitas          Tloc           3%         N/A       100%        3
 Hailstorm                Conj/Ice       3%         3d3       100%        3
 Ignite Poison            Fire/Tmut/Pois 3%         N/A       100%        3
 Mephitic Cloud           Conj/Pois/Air  3%         N/A       100%        3
 Ozocubu's Armour         Ice            3%         N/A       100%        3
 Stone Arrow              Conj/Erth      6%         3d7       100%        3
 Swiftness                Air            3%         N/A       100%        3
 Teleport Other           Tloc           3%         N/A       100%        3
 Vampiric Draining        Necr           3%         2d6       100%        3
 Volatile Blastmotes      Fire/Tloc      6%         2d10      100%        3
 Airstrike                Air            1%         2d(1-17)  100%        4
 Animate Armour           Summ/Erth      6%         N/A       100%        4
 Brom's Barrelling Bould  Conj/Erth      3%         2d3       100%        4
 Flame Wave               Conj/Fire      3%         2d5       100%        4
 Iskenderun's Mystic Bla  Conj/Tloc      3%         2d3       100%        4
 Olgreb's Toxic Radiance  Pois           3%         N/A       100%        4
 Passage of Golubria      Tloc           3%         N/A       100%        4
 Petrify                  Tmut/Erth      3%         N/A       100%        4
 Sticky Flame             Conj/Fire      3%         2d3       100%        4
 Summon Lightning Spire   Summ/Air       3%         N/A       100%        4
 Vhi's Electric Charge    Tloc/Air       6%         N/A       100%        4
 Agony                    Necr           3%         N/A       100%        5
 Alistair's Intoxication  Tmut/Pois      2%         N/A       100%        5
 Arcjolt                  Conj/Air       1%         1d11      100%        5
 Borgnjor's Vile Clutch   Necr/Erth      1%         N/A       100%        5
 Fireball                 Conj/Fire      1%         3d3       100%        5
 Freezing Cloud           Conj/Ice/Air   1%         6-21      100%        5
 Irradiate                Conj/Tmut      1%         3d12      100%        5
 Iskenderun's Battlesphe  Conj           3%         2d6       100%        5
 Silence                  Hex/Air        10%        N/A       100%        5
 Summon Forest            Summ/Tloc      1%         N/A       100%        5
 Summon Mana Viper        Hex/Summ       20%        N/A       100%        5
 Bombard                  Conj/Erth      1%         9d1       100%        6
 Conjure Ball Lightning   Conj/Air       1%         3x3d6     100%        6
 Dispersal                Tloc           1%         N/A       100%        6
 Eringya's Noxious Bog    Tmut/Pois      1%         4d6       100%        6
 Plasma Beam              Fire/Air       1%         2x1d11    100%        6
 Starburst                Conj/Fire      1%         6d3       100%        6
 Summon Cactus Giant      Summ           1%         N/A       100%        6
 Enfeeble                 Hex            18%        N/A       100%        7
 Malign Gateway           Summ/Tloc      1%         N/A       100%        7
 Orb of Destruction       Conj           1%         9d5       100%        7
 Ozocubu's Refrigeration  Ice            1%         4d7       100%        7
 Spellforged Servitor     Conj/Summ      1%         N/A       100%        7
 Summon Hydra             Summ           1%         N/A       100%        7
 Discord                  Hex            18%        N/A       100%        8
 Disjunction              Tloc           1%         N/A       100%        8
 Lehudib's Crystal Spear  Conj/Erth      1%         10d2      100%        8
 Summon Horrible Things   Summ           1%         N/A       100%        8
 Chain Lightning          Conj/Air       1%         3d2       100%        9
 Dragon's Call            Summ           1%         N/A       100%        9
 Fire Storm               Conj/Fire      1%         8d1       100%        9
 Polar Vortex             Ice            1%         N/A       100%        9
 Shatter                  Erth           1%         3d6*      100%        9
 Simulacrum               Ice/Necr       Unusable   N/A       N/A         6

Dungeon Overview and Level Annotations

Branches:
Dungeon (15/15)            Temple (0/1) D:7            Lair (5/5) D:8
 Shoals (4/4) Lair:3       Spider (4/4) Lair:2        Slime (5/5) Lair:4
    Orc (2/2) D:12            Elf (3/3) Orc:2        Vaults (5/5) D:13
  Crypt (3/3) Vaults:3       Tomb (0/3) Crypt:3      Depths (4/4) D:15
    Zot (5/5) Depths:4      Sewer (visited)         Ossuary (visited)
  IceCv (visited)         Volcano (visited)

Altars:
Ashenzari
Cheibriados
Gozag
Hepliaklqana
Kikubaaqudgha
Nemelex Xobeh
Okawaru
Trog
Uskayaw
Xom
Yredelemnul
Jiyva
Lugonu

Shops:
D:8 [((=((   D:9 (:   Orc:2 ?([(   Elf:2 =[:   Lair:2 [??   Lair:4 [
Shoals:4 [*   Vaults:1 !   Vaults:2 [[[*?*   Vaults:3 [   Zot:1 [   Zot:2 *
Zot:5 =   Depths:1 =   Depths:2 ![

Portals:
Hell: Depths:1 Depths:2 Depths:3 Depths:4
Abyss: Crypt:1 Depths:3
Pandemonium: Depths:2


Innate Abilities, Weirdness & Mutations

You have an unnaturally thin skeletal structure. (Dex +6, Stealth+++)
You regenerate a lot of health from kills.
You are powered by pain.
Your melee attacks may debilitate your foes.
Your hexes are more powerful.
You are surrounded by an aura of silence.
Your touch may irresistibly damage your foes and sap their willpower.
You possess an exceptional clarity of mind.
You are very frail. (-20% HP)


Message History

You climb upwards.
There is a stone staircase leading down here.
You see here a +0 robe.
There is a stone staircase leading up here.
You climb upwards.
There is a stone staircase leading down here.
There is a stone staircase leading up here.
You climb upwards.
The orange demon stares, then turns away, jangling a coin purse.
An orange demon comes into view.
There is a stone staircase leading down here.
You can't go up here!
You hear a grinding noise.
What level of the Dungeon? (default 1, ? - help)
You see here a +0 whip.
The ice devil stares, then turns away, jangling a coin purse.
An ice devil comes into view.
No target in view!
What level of the Dungeon? (default 1, ? - help)
A lorocyproca comes into view.
You see here a +0 flail.
There is a stone staircase leading up here.
You climb upwards.
There is a stone staircase leading down here.
What level of the Dungeon? (default 1, ? - help)
You see here a +0 falchion.
There is a stone staircase leading up here.
You climb upwards.
There is a stone staircase leading down here.
You see here a +0 club.
There is a stone staircase leading up here.
You climb upwards.
There is a stone staircase leading down here.
There is a stone staircase leading up here.
You climb upwards.
There is a stone staircase leading down here.
You open the door.
There is an open door here.
There is a staircase leading out of the dungeon here.
You have escaped!

...# ##.###.#### ...#
#..# #...)## ...# #.##
##.#..# ...# #.#
##'##.# ...# #.#
♣♣..~#.# ...#
#.#♣♣...~#.#
...#########.#♣P...~#.#
......##.....#♣....~#.#
......##.##.##♣.@.~≈#.#
###...#..##.##...≈~≈#.#
..#.....###..'..~~~.#.#
..#....## ####<.~P~.#.#
..#...## #.~~P≈<'.#
##....# #≈~PP~.###
#.....# #≈PP~~.#
..#...# #≈PP~..#
.##...##### #≈≈~~..#


There were no monsters in sight!

Vanquished Creatures
  Cerebov (Pan)
  the Royal Jelly (Slime:5)
  Ignacio (Pan)
  7 pandemonium lords
  Mnoleg (Pan)
  Lom Lobon (Pan)
  A seraph (Pan)
  7 dread liches
  2 ancient liches
  Tiamat (Zot:1)
  Khufu (Crypt:3)
  Mennas (Pan)
  5 orbs of fire
  Mara (Shoals:3)
  5 royal mummies
  Sojobo (Depths:2)
  7 Killer Klowns
  Saint Roka (Vaults:1)
  The ghost of Fieg the Phalangite, a veteran HuWn of Lugonu (Vaults:1)
  Margery (Depths:2)
  A curse toe (Crypt:3)
  A caustic shrike (Zig:12)
  14 golden dragons
  2 pearl dragons (Zig:10)
  A profane servitor (Depths:1)
  Arachne (Spider:4)
  5 bone dragons
  3 Tzitzimimeh (Pan)
  5 electric golems
  A Brimstone Fiend (Pan)
  2 iron giants (Zig:12)
  7 Hell Sentinels
  3 Ice Fiends (Pan)
  A shard shrike zombie (Crypt:3)
  18 tentacled monstrosities
  Jorgrun (Orc:1)
  Asterion (Spider:1)
  3 walking earthen tomes (Depths:3)
  9 liches
  Mlioglotl (Shoals:1)
  6 quicksilver dragons
  3 deep elf blademasters
  29 Orb Guardians
  2 deep elf master archers (Elf:3)
  A titan (Vaults:5)
  A walking frostbound tome (Depths:3)
  3 Executioners (Pan)
  An eldritch tentacle (Pan)
  7 sphinxes
  18 acid blobs
  9 death cobs
  2 krakens
  11 ancient champions
  13 tengu reavers
  Gastronok (D:9)
  Donald (Spider:4)
  3 tentacled starspawn (Zig:13)
  8 storm dragons
  8 shadow dragons
  4 demonspawn warmongers (Pan)
  Kirke (D:15)
  5 revenants
  Ilsuiw (Shoals:3)
  Aizul (Spider:4)
  8 draconian knights
  4 rockslimes
  A nagaraja (Zig:5)
  5 draconian monks
  Roxanne (D:15)
  9 azure jellies
  10 daevas
  A frost giant (shapeshifter) (Zig:11)
  5 deep elf sorcerers
  8 fire giants
  4 frost giants
  16 vault wardens
  6 draconian scorchers
  14 balrugs
  A ghost moth (shapeshifter) (Vaults:5)
  5 emperor scorpions (Spider:4)
  4 deep elf elementalists (Elf:3)
  Louise (Spider:3)
  4 curse skulls
  6 draconian stormcallers
  14 ghost moths
  The ghost of Nico3ck the Convoker, a journeyman DsSu of Gozag (Depths:1)
  7 demonspawn blood saints (Pan)
  11 angels
  20 cacodemons (Pan)
  The ghost of Motium the Unseen, an adept SpEn of Uskayaw (Spider:4)
  2 orc warlords (Zig:8)
  5 broodmothers
  A spriggan defender (Depths:2)
  10 ironbound preservers
  11 draconian shifters
  4 ghouls (Crypt:3)
  3 formless jellyfish
  9 draconian annihilators
  6 demonspawn corrupters (Pan)
  9 reapers
  9 war gargoyles
  A quicksilver ooze (shapeshifter) (Zig:11)
  25 very ugly things
  19 green draconians
  A formless jellyfish (shapeshifter) (Zig:9)
  12 quicksilver oozes
  9 ironbound thunderhulks
  3 deep elf demonologists
  15 stone giants
  3 lorocyprocas (Pan)
  10 vampire knights
  9 ophanim
  16 black draconians
  11 dire elephants
  17 red draconians
  11 deep elf annihilators
  A dire elephant (shapeshifter) (Vaults:5)
  12 yellow draconians
  4 apis
  9 spark wasps
  15 purple draconians
  18 white draconians
  5 eidola
  Snorg (Lair:4)
  10 ettins
  2 mummy priests (Crypt:1)
  9 blizzard demons (Pan)
  6 green deaths (Pan)
  4 crystal guardians
  12 merfolk impalers
  8 merfolk javelineers
  13 deep elf death magi
  8 fire dragons
  7 great orbs of eyes
  18 yaktaur captains
  9 jiangshi
  3 spriggan zombies
  5 entropy weavers
  4 deep elf high priests
  15 ice dragons
  A hell beast (Depths:1)
  2 jorogumos
  4 quicksilver dragon skeletons (Crypt:2)
  34 vault guards
  2 salamander tyrants (Zig:5)
  2 fenstrider witch zombies
  5 hydras
  7 spriggan air magi
  6 peacekeepers
  2 catoblepae
  12 ironbound frosthearts
  5 merfolk avatars
  2 ogre magi (Zig:4)
  2 rakshasas
  3 radroaches
  16 centaur warriors
  7 boulder beetles
  A catoblepas (shapeshifter) (Vaults:5)
  3 death knights
  36 dancing weapons
  9 deep troll shamans
  2 two-headed ogres
  3 tengu warriors
  3 satyrs (Shoals:3)
  2 anacondas (shapeshifter)
  7 death yaks
  6 merfolk aquamancers
  7 vampire magi
  7 hell hogs (Pan)
  7 orc high priests
  A bennu skeleton (Crypt:3)
  5 deep troll earth magi
  8 spriggan berserkers
  The ghost of Inkie2 the Tainter, a novice NaVM of Wu Jian (D:8)
  19 demonic crawlers
  A titan zombie (Crypt:3)
  2 thrashing horrors (Zig:13)
  A naga sharpshooter (Zig:5)
  6 soul eaters
  20 deep elf knights
  25 sun demons
  3 wretched stars (Zig:13)
  6 shock serpents
  23 sixfirhies
  12 hell knights
  6 shadow wraiths
  A golden dragon zombie (Vaults:3)
  4 skysharks
  32 skeletal warriors
  2 fire crabs (Zig:7)
  6 iron trolls
  4 pharaoh ants
  A sun moth (Shoals:4)
  A skyshark (shapeshifter) (Depths:1)
  12 orb spiders
  32 deep trolls
  A spatial maelstrom (Zig:13)
  2 sea snakes (shapeshifter)
  10 cherubim
  11 sea snakes
  4 shadow demons (Pan)
  2 anaconda skeletons (Volcano)
  A deep troll (shapeshifter) (Elf:3)
  15 deep elf archers
  5 flayed ghosts
  A bunyip zombie (Crypt:3)
  4 glowing orange brains
  A harpy (shapeshifter) (Depths:1)
  22 ironbound convokers
  4 lindwurms
  23 phantasmal warriors
  A golden dragon skeleton (Crypt:2)
  4 steelbarb worms
  11 orc knights
  29 harpies
  36 deep elf pyromancers
  12 wizards
  34 deep elf zephyrmancers
  18 manticores
  14 necromancers
  9 shining eyes
  18 wolf spiders
  A wolf spider (shapeshifter) (Zig:9)
  4 orc sorcerers
  37 ugly things
  12 cyclopes
  31 moths of wrath
  14 fauns
  A will-o-the-wisp (Zig:13)
  2 alligator skeletons (Volcano)
  An eleionoma skeleton (Crypt:1)
  16 elephants
  A dire elephant zombie (Crypt:3)
  2 rust devils
  A formless jellyfish zombie (Crypt:3)
  A guardian serpent (shapeshifter) (Depths:2)
  2 guardian serpents (Depths:2)
  A centaur zombie (Crypt:1)
  24 vault sentinels
  9 merfolk sirens
  A titan simulacrum (Crypt:1)
  17 smoke demons
  11 cane toads
  3 apocalypse crabs
  A fire giant skeleton (Crypt:1)
  A goliath frog skeleton (Crypt:3)
  An ice statue (IceCv)
  2 centaur skeletons
  17 orange demons
  3 black mambas
  2 eyes of devastation (Pan)
  An eye of devastation (shapeshifter) (Vaults:5)
  6 gargoyles
  A storm dragon simulacrum (Crypt:3)
  5 water nymphs
  An alligator snapping turtle zombie (Crypt:2)
  17 torpor snails
  2 unseen horrors
  A hellion (Depths:1)
  A grey draconian zombie (Crypt:3)
  An ice devil (Pan)
  7 komodo dragons
  4 tengu conjurers
  5 efreet
  A sea snake zombie (Crypt:1)
  A kobold demonologist (D:14)
  5 rime drakes
  A catoblepas skeleton (Crypt:2)
  An orb spider zombie (Crypt:2)
  3 freezing wraiths
  52 yaktaurs
  2 ancient zymes (Zig:13)
  A purple draconian skeleton (Crypt:2)
  2 red devils (Pan)
  A tormentor (Pan)
  A guardian mummy (Crypt:3)
  3 meliai (Spider:4)
  27 merfolk
  6 trolls
  10 polar bears
  8 wind drakes
  4 harpy skeletons
  A mana viper skeleton (Crypt:1)
  12 hellwings (Pan)
  6 hornets
  35 tarantellas
  15 dream sheep
  17 large abominations
  4 raiju
  8 blink frogs
  A meliai zombie (Crypt:1)
  100 slime creatures
  4 snapping turtles
  2 spriggans
  13 wraiths
  12 jumping spiders
  36 water elementals
  2 shadows (D:12)
  A centaur simulacrum (Crypt:1)
  72 yaks
  25 flying skulls
  A fire elemental (Zig:7)
  5 fire dragon skeletons (Crypt:2)
  20 culicivoras
  An air elemental (Elf:1)
  4 vampires (Crypt:3)
  9 ynoxinuls
  3 basilisks
  A dire elephant simulacrum (Crypt:3)
  5 golden eyes
  59 redbacks
  An ettin skeleton (Crypt:3)
  4 hogs (D:15)
  A wind drake skeleton (Crypt:3)
  3 wyverns
  A steam dragon (Lair:5)
  6 vampire mosquitoes
  18 neqoxecs (Pan)
  17 chaos spawn
  3 wargs
  Menkaure (D:4)
  Edmund (D:6)
  A harpy simulacrum (Crypt:3)
  3 water nymph zombies
  A naga (Zig:5)
  A glowing shapeshifter zombie (Vaults:3)
  2 naga zombies (Crypt:3)
  13 water moccasins
  An acid dragon (D:12)
  6 floating eyes
  4 hell hounds
  A floating eye (shapeshifter) (Zig:11)
  A faun skeleton (Crypt:3)
  A cane toad skeleton (Crypt:1)
  2 ice beasts
  2 sky beasts
  50 orc warriors
  A dream sheep zombie (Crypt:1)
  4 black bears
  9 boggarts (Vaults:1)
  29 wolves
  7 ogres
  A dream sheep skeleton (Crypt:3)
  14 centaurs
  A torpor snail zombie (Crypt:2)
  A centaur (shapeshifter) (Elf:3)
  3 kobold brigands
  An elf zombie (Crypt:3)
  2 phantoms (D:12)
  15 bullfrogs
  4 necrophages (Crypt:3)
  A scorpion (D:6)
  4 earth elementals
  A gnoll sergeant (D:12)
  A glowing shapeshifter simulacrum (Vaults:3)
  16 wights
  5 killer bees (D:11)
  4 troll zombies (D:12)
  3 troll skeletons (Volcano)
  4 spriggan skeletons
  3 howler monkeys (D:12)
  30 orc priests
  2 hounds
  3 jellies
  A human zombie (Ossuary)
  A bullfrog skeleton (Crypt:2)
  17 starcursed masses (Zig:13)
  4 iguanas
  2 sleepcaps
  Ijyb (D:5)
  14 orc wizards
  5 lightning spires (Zot:2)
  3 ogre zombies (D:12)
  A naga skeleton (Volcano)
  15 mummies
  6 gnolls
  10 adders
  5 river rats (D:6)
  16 white imps
  3 ufetubi (D:6)
  4 adder zombies
  3 worms
  A dart slug (D:2)
  105 orcs
  11 ball pythons
  6 endoplasms
  7 giant cockroaches
  A gnoll zombie (Ossuary)
  4 goblins
  9 hobgoblins
  2 jackals (D:4)
  6 quokkas
  4 bats
  9 frilled lizards
  2 goblin skeletons (D:12)
  6 goblin zombies
  2 hobgoblin skeletons (D:12)
  3 hobgoblin zombies
  23 kobolds
  2 orc skeletons (D:12)
  13 orc zombies (D:12)
  5 quokka zombies (Ossuary)
  25 rats
  A spectral hobgoblin (D:3)
  A ball lightning (Zot:2)
  3 starspawn tentacles (Zig:13)
3143 creatures vanquished.

Vanquished Creatures (collateral kills)
  A yaktaur (Vaults:5)
  A vampire mosquito (D:10)
  A kobold brigand (Sewer)
  An iguana (D:5)
  2 gnolls (D:5)
  An adder (D:6)
  2 kobolds (Sewer)
  A quokka zombie (Ossuary)
  2 rat zombies (Ossuary)
12 creatures vanquished.

Vanquished Creatures (others)
  A black draconian (Zot:2)
  An orange demon (D:5)
  2 humans (D:15)
  A kobold brigand (D:5)
  A wight (D:7)
  An ogre zombie (D:12)
  A mummy (Ossuary)
  A hobgoblin zombie (D:12)
  A kobold (D:5)
  An orc skeleton (D:12)
  An orc zombie (D:12)
  6 ball lightnings
  5 foxfires (Zig:13)
  A lurking horror (Crypt:1)
  7 starspawn tentacles (Zig:13)
  4 tentacles (Shoals:2)
35 creatures vanquished.

Grand Total: 3190 creatures vanquished

Notes
Turn   | Place    | Note
-------+----------+-------------------------------------------
     0 | D:1      | Charly the Demonspawn Artificer began the quest for the
                  | Orb.
     0 | D:1      | Reached XP level 1. HP: 15/15 MP: 1/1
    44 | D:1      | Reached skill level 1 in Stealth
   219 | D:1      | Found a faded altar of an unknown god.
   329 | D:1      | Gained mutation: You have a somewhat thin skeletal
                  | structure. (Dex +2, Stealth+) [demonic ancestry]
   329 | D:1      | Reached XP level 2. HP: 21/21 MP: 2/2
   854 | D:2      | Reached skill level 2 in Fighting
   854 | D:2      | Reached XP level 3. HP: 27/27 MP: 3/3
  1223 | D:3      | Found a shimmering altar of Xom.
  1366 | D:3      | Gained mutation: You regenerate a little health from kills.
                  | [demonic ancestry]
  1366 | D:3      | Reached XP level 4. HP: 34/34 MP: 4/4
  1463 | D:3      | Found Baupn's Magic Scroll Boutique.
  1478 | D:3      | Bought a scroll of fear for 56 gold pieces
  1478 | D:3      | Bought a scroll of identify for 28 gold pieces
  1679 | D:3      | Found a hazy altar of Hepliaklqana.
  2005 | D:4      | Found an opulent altar of Gozag.
  2008 | D:4      | Became a worshipper of Gozag Ym Sagoz the Greedy
  2138 | D:4      | Reached skill level 3 in Fighting
  2204 | D:4      | Noticed Menkaure
  2350 | D:4      | Killed Menkaure
  2351 | D:4      | Reached XP level 5. HP: 25/42 MP: 5/5
  2523 | D:4      | Got a ragged book
  2599 | D:4      | Reached XP level 6. HP: 40/48 MP: 6/6
  2675 | D:3      | Bought a scroll of blinking for 105 gold pieces
  2713 | D:5      | Entered Level 5 of the Dungeon
  2932 | D:5      | Reached skill level 4 in Fighting
  2944 | D:5      | Found a glowing drain.
  2991 | Sewer    | Entered a sewer
  3518 | D:3      | Bought a scroll of vulnerability for 56 gold pieces
  3518 | D:3      | Bought 3 scrolls of identify for 84 gold pieces
  3518 | D:3      | Bought a scroll of fog for 56 gold pieces
  3518 | D:3      | Bought a scroll of noise for 14 gold pieces
  3597 | D:4      | Gained mutation: You sometimes gain a little power by
                  | taking damage. [demonic ancestry]
  3597 | D:4      | Reached XP level 7. HP: 33/55 MP: 7/7
  4334 | D:5      | Noticed Ijyb
  4386 | D:5      | Reached skill level 5 in Stealth
  4387 | D:5      | Killed Ijyb
  4388 | D:5      | Reached skill level 1 in Short Blades
  4645 | D:6      | Reached skill level 5 in Fighting
  4766 | D:6      | Found a sparkling altar of Nemelex Xobeh.
  5110 | D:6      | Reached skill level 5 in Evocations
  5432 | D:6      | Gained mutation: Your touch may inflict minor irresistible
                  | damage on your foes. [demonic ancestry]
  5432 | D:6      | Reached XP level 8. HP: 56/63 MP: 8/8
  5444 | D:6      | Found a broken altar of Ashenzari.
  5452 | D:6      | Noticed Edmund
  5461 | D:6      | Killed Edmund
  5863 | D:6      | Reached skill level 6 in Fighting
  6266 | D:7      | Found a sand-covered staircase.
  6358 | D:7      | Reached skill level 5 in Short Blades
  6454 | Ossuary  | Entered an ossuary
  6920 | D:7      | Gained mutation: Your touch may inflict irresistible damage
                  | on your foes. [demonic ancestry]
  6920 | D:7      | Reached XP level 9. HP: 25/70 MP: 9/9
  7154 | D:7      | Found a staircase to the Ecumenical Temple.
  7159 | D:7      | Identified the +2 leather armour of Mucoq {rC- Will+ Int+3
                  | Dex+10}
  7165 | D:7      | Identified the ring "Behiopim" {*Corrode rElec Will++ MP+9
                  | Dex+3}
  7608 | D:8      | You fall into a shaft and drop 2 floors!
  7608 | D:10     | Entered Level 10 of the Dungeon
  7878 | D:8      | Found Kihuxze's Armour Shop.
  7932 | D:8      | Found Hiakhlyki's Jewellery Boutique.
  7981 | D:8      | Found Risa's Weapon Boutique.
  8026 | D:8      | Found Silor's Weapon Shop.
  8048 | D:8      | Identified a scroll of acquirement
  8049 | D:8      | Acquired the ring of Coplism {rC++ Will+ MP+9}
  8102 | D:8      | Bought the ring of Erucuap {rPois rF++ rCorr Int-2 Dex+2}
                  | for 681 gold pieces
  8412 | D:8      | Found a staircase to the Lair.
  8417 | D:8      | Reached skill level 7 in Fighting
  8461 | D:8      | Found Unay's Antique Weapon Shoppe.
  8510 | D:8      | Found a runed translucent gate.
  8511 | D:8      | Found a runed translucent gate.
  8511 | D:8      | Noticed Inkie2's ghost (novice NaVM)
  8520 | D:8      | Found a runed translucent gate.
  8520 | D:8      | Noticed a nine-headed hydra
  8919 | D:8      | Bought a +0 helmet of intelligence for 115 gold pieces
  9235 | D:9      | Found Uffader's Antique Weapon Boutique.
  9312 | D:9      | Identified the +10 trident "Mahin" {freeze, rN+ Dex+3}
  9363 | D:9      | Noticed Gastronok
  9424 | D:9      | Found an ancient bone altar of Kikubaaqudgha.
  9806 | D:9      | Found Xoruec's Tremendous Tomes.
 10327 | D:10     | Found a basalt altar of Yredelemnul.
 10381 | D:10     | Learned a level 3 spell: Confusing Touch
 10576 | D:10     | Reached skill level 1 in Hexes
 10598 | D:10     | Reached skill level 1 in Spellcasting
 10598 | D:10     | Reached XP level 10. HP: 69/80 MP: 11/11
 10771 | D:10     | Noticed a +0 dagger
 10772 | D:10     | Noticed a +0 dagger
 10777 | D:10     | Found a hide-covered altar of Uskayaw.
 11040 | D:10     | Reached skill level 8 in Fighting
 11336 | D:10     | Learned a level 3 spell: Sigil of Binding
 11340 | D:10     | Learned a level 3 spell: Tukima's Dance
 11781 | D:10     | Noticed a deep troll
 11797 | D:10     | Killed a deep troll
 11798 | D:10     | Reached skill level 5 in Hexes
 11803 | D:10     | Found the necklace of Bloodlust {Fury *Rage Will++ Int-3
                  | Slay+6}
 12126 | Lair:1   | Entered Level 1 of the Lair of Beasts
 12126 | Lair:1   | Noticed an elephant
 12126 | Lair:1   | Noticed a cane toad
 12127 | Lair:1   | Noticed an elephant
 12127 | Lair:1   | Noticed an elephant
 12127 | Lair:1   | Noticed an elephant
 12127 | Lair:1   | Noticed an elephant
 12127 | Lair:1   | Noticed an elephant
 12138 | D:8      | Killed a cane toad
 12190 | Lair:1   | Noticed a cane toad
 12203 | D:8      | Killed an elephant
 12204 | D:8      | Reached XP level 11. HP: 67/87 MP: 15/15
 12682 | Lair:1   | Reached skill level 9 in Fighting
 12841 | Lair:1   | Learned a level 3 spell: Inner Flame
 13293 | D:9      | Killed Gastronok
 14264 | Lair:2   | Bought a dazzling plate armour for 728 gold pieces
 14264 | Lair:2   | Identified the +13 plate armour of the Gate {SInv} (You
                  | bought it in a shop on level 2 of the Lair of Beasts)
 14264 | Lair:2   | Bought a pair of runed gloves for 195 gold pieces
 14617 | Lair:2   | Reached skill level 5 in Spellcasting
 14617 | Lair:2   | Gained mutation: Your touch may irresistibly damage your
                  | foes and sap their willpower. [demonic ancestry]
 14617 | Lair:2   | Reached XP level 12. HP: 96/96 MP: 19/19
 14679 | Lair:2   | Found a hole to the Spider Nest.
 14832 | Lair:2   | Found a snail-covered altar of Cheibriados.
 15284 | Lair:2   | Reached skill level 10 in Fighting
 15711 | Lair:3   | Noticed a seven-headed hydra
 15713 | Lair:3   | Reached skill level 10 in Short Blades
 15750 | Lair:3   | Killed a seven-headed hydra
 15789 | Lair:3   | Found a dark tunnel.
 15796 | Volcano  | Entered a volcano
 16071 | Volcano  | Reached skill level 11 in Fighting
 16077 | Volcano  | Reached skill level 10 in Stealth
 16247 | Volcano  | Gained mutation: You sometimes gain power by taking damage.
                  | [demonic ancestry]
 16247 | Volcano  | Reached XP level 13. HP: 106/106 MP: 20/20
 17016 | Lair:3   | Reached skill level 1 in Dodging
 17022 | Lair:3   | Found a staircase to the Shoals.
 18507 | D:8      | Bought a +4 ring of slaying for 1092 gold pieces
 19134 | Lair:4   | Reached skill level 12 in Fighting
 19296 | Lair:4   | Found a staircase to the Slime Pits.
 19296 | Lair:4   | Found a viscous altar of Jiyva.
 19442 | Lair:4   | Learned a level 2 spell: Wereblood
 19443 | Lair:5   | Entered Level 5 of the Lair of Beasts
 19443 | Lair:5   | Noticed Snorg
 19460 | Lair:4   | Killed Snorg
 20202 | Lair:5   | Gained mutation: You regenerate health from kills. [demonic
                  | ancestry]
 20202 | Lair:5   | Reached XP level 14. HP: 115/115 MP: 21/21
 21456 | D:8      | Bought a throwing net for 39 gold pieces
 21826 | D:11     | Found a transporter.
 21827 | D:11     | Found a transporter.
 22026 | D:11     | Reached skill level 5 in Dodging
 22387 | D:11     | Found a bloodstained altar of Trog.
 23113 | D:12     | Found a staircase to the Orcish Mines.
 23678 | Orc:1    | Entered Level 1 of the Orcish Mines
 23678 | Orc:1    | Noticed Jorgrun
 23679 | Orc:1    | Killed Jorgrun
 24174 | Orc:2    | Entered Level 2 of the Orcish Mines
 24367 | Orc:2    | Found a staircase to the Elven Halls.
 24644 | Orc:2    | Reached skill level 13 in Fighting
 25328 | Orc:2    | Found Fodaur's Magic Scroll Emporium.
 25328 | Orc:2    | Found Boney's Antique Weapon Emporium.
 25329 | Orc:2    | Found Lypiv's Armour Shoppe.
 25329 | Orc:2    | Found Gyxtaemo's Antique Weapon Emporium.
 25336 | Orc:2    | Bought a scroll of blinking for 90 gold pieces
 25336 | Orc:2    | Bought a scroll of enchant armour for 90 gold pieces
 25336 | Orc:2    | Bought a scroll of vulnerability for 48 gold pieces
 25336 | Orc:2    | Bought a scroll of fear for 48 gold pieces
 25336 | Orc:2    | Bought a scroll of immolation for 48 gold pieces
 25336 | Orc:2    | Bought a scroll of poison for 48 gold pieces
 25340 | Orc:2    | Bought the +8 pair of quick blades "Gyre" and "Gimble"
                  | {protect} for 1820 gold pieces
 25340 | Orc:2    | Found the +8 pair of quick blades "Gyre" and "Gimble"
                  | {protect}
 25398 | Orc:2    | Bought a scarf of repulsion for 132 gold pieces
 25516 | D:13     | Found a frozen archway.
 25561 | IceCv    | Entered an ice cave
 25598 | IceCv    | Gained mutation: Your hexes are more powerful. [demonic
                  | ancestry]
 25598 | IceCv    | Reached XP level 15. HP: 124/124 MP: 22/22
 26534 | D:13     | Identified the +2 helmet of Action {Rampage Fly rN+ Str-4}
 26595 | D:13     | Found a gateway to a bazaar.
 26668 | D:13     | Found a gate to the Vaults.
 27726 | D:14     | Reached skill level 5 in Armour
 28656 | D:15     | Entered Level 15 of the Dungeon
 28799 | D:15     | Noticed Roxanne
 28810 | D:15     | Killed Roxanne
 29021 | D:15     | Noticed Kirke
 29031 | D:15     | Killed Kirke
 29045 | D:15     | Reached skill level 14 in Fighting
 29076 | D:15     | Found a staircase to the Depths.
 29927 | Bazaar   | Entered a bazaar
 29948 | Bazaar   | Found Osyty's Assorted Antiques.
 29948 | Bazaar   | Found Usmuik's Magic Scroll Emporium.
 29970 | Bazaar   | Found Qadiarphus's Armour Shoppe.
 29986 | Bazaar   | Found Vasy's Antique Weapon Emporium.
 30053 | Bazaar   | Bought a scroll of revelation for 82 gold pieces
 30053 | Bazaar   | Bought a scroll of silence for 104 gold pieces
 30053 | Bazaar   | Bought a scroll of fear for 44 gold pieces
 30053 | Bazaar   | Bought a scroll of enchant armour for 82 gold pieces
 30053 | Bazaar   | Bought a scroll of teleportation for 33 gold pieces
 30053 | Bazaar   | Bought a scroll of revelation for 82 gold pieces
 30053 | Bazaar   | Bought a scroll of vulnerability for 44 gold pieces
 30059 | Bazaar   | Bought a scroll of fear for 112 gold pieces
 30059 | Bazaar   | Bought a potion of heal wounds for 140 gold pieces
 30059 | Bazaar   | Bought a potion of mutation for 224 gold pieces
 30299 | D:8      | Killed Inkie2's ghost
 30310 | D:8      | Identified the +4 scimitar of Hecrarchi {pain, Will+}
 30402 | Spider:1 | Entered Level 1 of the Spider Nest
 30402 | Spider:1 | Noticed Asterion
 30516 | Spider:1 | Gained mutation: You have a moderately thin skeletal
                  | structure. (Dex +4, Stealth++) [demonic ancestry]
 30516 | Spider:1 | Reached XP level 16. HP: 133/133 MP: 23/23
 30839 | Spider:1 | Killed Asterion
 31412 | Spider:2 | Reached skill level 10 in Armour
 31723 | Spider:3 | Reached skill level 15 in Fighting
 32504 | Spider:3 | Noticed Louise
 32513 | Spider:3 | Killed Louise
 32915 | Spider:4 | Entered Level 4 of the Spider Nest
 32915 | Spider:4 | Noticed Motium's ghost (adept SpEn)
 32915 | Spider:4 | Noticed Arachne
 32915 | Spider:4 | Found a runed translucent door.
 32923 | Spider:4 | Killed Arachne
 32924 | Spider:4 | Reached skill level 10 in Dodging
 32924 | Spider:4 | Noticed Donald
 32961 | Spider:4 | Killed Donald
 32962 | Spider:4 | Reached XP level 17. HP: 142/142 MP: 24/24
 33018 | Spider:4 | Killed Motium's ghost
 33454 | Spider:4 | Noticed Aizul
 33484 | Spider:4 | Killed Aizul
 33956 | Spider:4 | Got a gossamer rune of Zot
 34221 | Lair:2   | Reached skill level 16 in Fighting
 34221 | Lair:2   | Reached XP level 18. HP: 151/151 MP: 25/25
 34223 | Lair:2   | Bought a scroll of teleportation for 60 gold pieces
 34223 | Lair:2   | Bought 3 scrolls of teleportation for 180 gold pieces
 34223 | Lair:2   | Bought a scroll of fear for 80 gold pieces
 34223 | Lair:2   | Bought a scroll of enchant armour for 150 gold pieces
 34223 | Lair:2   | Bought a scroll of revelation for 150 gold pieces
 34225 | Lair:2   | Bought a scroll of fog for 72 gold pieces
 34225 | Lair:2   | Bought a scroll of vulnerability for 72 gold pieces
 34225 | Lair:2   | Bought a scroll of blinking for 135 gold pieces
 34225 | Lair:2   | Bought a scroll of butterflies for 72 gold pieces
 34225 | Lair:2   | Bought a scroll of immolation for 72 gold pieces
 34261 | Shoals:1 | Entered Level 1 of the Shoals
 34663 | Shoals:1 | You are sucked into a shaft and drop 1 floor!
 35185 | Shoals:1 | Noticed Mlioglotl
 35192 | Shoals:1 | Killed Mlioglotl
 36347 | Shoals:3 | Reached XP level 19. HP: 135/159 MP: 26/26
 36628 | Shoals:3 | Noticed Mara
 36652 | Shoals:3 | Killed Mara
 36775 | Shoals:3 | Noticed Ilsuiw
 36781 | Shoals:3 | Killed Ilsuiw
 37283 | Shoals:4 | Entered Level 4 of the Shoals
 37350 | Shoals:4 | Found Quricoryl's Mass Market.
 37613 | Shoals:4 | Reached skill level 17 in Fighting
 38127 | Shoals:4 | Got a barnacled rune of Zot
 38177 | Shoals:4 | Reached skill level 15 in Armour
 38373 | Shoals:4 | Found Uboyfeg's Antique Armour Emporium.
 38890 | Vaults:1 | Entered Level 1 of the Vaults
 39095 | Vaults:1 | Bought a potion of invisibility for 176 gold pieces
 39095 | Vaults:1 | Bought a potion of berserk rage for 110 gold pieces
 39095 | Vaults:1 | Bought a potion of heal wounds for 110 gold pieces
 39095 | Vaults:1 | Bought a potion of heal wounds for 110 gold pieces
 39641 | Vaults:1 | Noticed Saint Roka
 39651 | Vaults:1 | Killed Saint Roka
 39879 | Vaults:1 | Identified the +6 great sword "Arukot" {elec, Stlth+}
 39936 | Vaults:1 | Reached XP level 20. HP: 170/170 MP: 27/27
 40077 | Vaults:1 | Found a runed translucent gate.
 40077 | Vaults:1 | Found a runed translucent gate.
 40077 | Vaults:1 | Found a runed translucent gate.
 40079 | Vaults:1 | Noticed Fieg's ghost (veteran HuWn)
 40097 | Vaults:1 | Killed Fieg's ghost
 40173 | Vaults:1 | Identified the +0 cloak "Naohomy" {*Slow Slay+3 SInv}
 40343 | Vaults:1 | Reached skill level 10 in Evocations
 40347 | Vaults:1 | Reached skill level 18 in Fighting
 40421 | Vaults:2 | Found Xoyn's Antique Armour Shop.
 40548 | Vaults:2 | Found Qobon's Antique Armour Shoppe.
 41692 | Vaults:2 | Reached skill level 19 in Fighting
 41797 | Vaults:2 | Found Meowkog's Magic Scroll Boutique.
 42034 | Vaults:2 | Found Engazig's Assorted Antiques.
 42226 | Vaults:3 | Found Kewustreyl's Armour Shoppe.
 43019 | Vaults:3 | Found a staircase to the Crypt.
 43601 | Vaults:3 | Gained mutation: Your melee attacks may debilitate your
                  | foes. [demonic ancestry]
 43601 | Vaults:3 | Reached XP level 21. HP: 182/182 MP: 28/28
 44223 | Vaults:4 | Reached skill level 20 in Fighting
 45219 | Elf:1    | Entered Level 1 of the Elven Halls
 46440 | Vaults:2 | Bought the +9 scales of the Dragon King {rPois rF+ rC+
                  | Will+} for 3619 gold pieces
 46440 | Vaults:2 | Found the +9 scales of the Dragon King {rPois rF+ rC+
                  | Will+}
 46743 | Elf:2    | Reached skill level 21 in Fighting
 46813 | Elf:2    | Found a huge runed translucent gate.
 46813 | Elf:2    | Found a huge runed translucent gate.
 46813 | Elf:2    | Found a huge runed translucent gate.
 46813 | Elf:2    | Found a huge runed translucent gate.
 46814 | Elf:2    | Found a huge runed translucent gate.
 47086 | Elf:2    | Found Agevighy's Jewellery Boutique.
 47089 | Elf:2    | Found Asucki Vadu's Armour Shop.
 47091 | Elf:2    | Found Duizxass's Book Boutique.
 47145 | Elf:2    | Reached skill level 15 in Dodging
 47976 | Elf:3    | Entered Level 3 of the Elven Halls
 48031 | Elf:3    | Gained mutation: You have an unnaturally thin skeletal
                  | structure. (Dex +6, Stealth+++) [demonic ancestry]
 48031 | Elf:3    | Reached XP level 22. HP: 194/194 MP: 29/29
 48123 | Elf:3    | Got a ragged book
 48368 | Elf:3    | Identified the +0 leather armour of Dice, Bag, and Bottle
                  | {rC+ Str+3}
 48512 | Elf:3    | Reached skill level 22 in Fighting
 48533 | Elf:3    | Identified the ring of Birdsong {Fly Str+6 Int+4}
 48594 | Elf:3    | Identified the amulet "Ypnuveg" {Spirit Int+2}
 48612 | Elf:3    | Identified the +0 hat of the Kangaroo {Rampage rElec}
 48660 | Elf:3    | Identified the +4 scale mail "Odwunn" {Regen+ rCorr Int+2
                  | Dex+4}
 48662 | Elf:3    | Got a dog-eared book
 48799 | Elf:3    | Identified the +1 robe of Perfidy {Drain Str+6 Archmagi}
 50104 | Vaults:2 | Bought a scroll of acquirement for 988 gold pieces
 50104 | Vaults:2 | Acquired the +3 hat "Tent" {rN+++}
 50221 | Crypt:1  | Entered Level 1 of the Crypt
 50467 | Crypt:1  | Found a one-way gate to the infinite horrors of the Abyss.
 50502 | Crypt:1  | Found a corrupted altar of Lugonu.
 50667 | Crypt:1  | Noticed a royal mummy
 50672 | Crypt:1  | Killed a royal mummy
 50692 | Crypt:1  | Noticed a royal mummy
 50699 | Crypt:1  | Killed a royal mummy
 50702 | Crypt:1  | Noticed a royal mummy
 50709 | Crypt:1  | Killed a royal mummy
 50891 | Crypt:1  | Found the +7 sceptre of Torment {pain, torment}
 51737 | Crypt:2  | Reached skill level 23 in Fighting
 51846 | Crypt:2  | Gained mutation: You are powered by pain. [demonic
                  | ancestry]
 51846 | Crypt:2  | Reached XP level 23. HP: 206/206 MP: 30/30
 52466 | Crypt:3  | Entered Level 3 of the Crypt
 52475 | Crypt:3  | Noticed Khufu
 52475 | Crypt:3  | Noticed a royal mummy
 52482 | Crypt:3  | Noticed a royal mummy
 52483 | Crypt:3  | Killed Khufu
 52487 | Crypt:3  | Killed a royal mummy
 52497 | Crypt:3  | Killed a royal mummy
 53121 | Crypt:3  | Noticed an ancient lich
 53134 | Crypt:3  | Killed an ancient lich
 53178 | Crypt:3  | Found a staircase to the Tomb.
 53775 | Crypt:3  | Reached skill level 24 in Fighting
 53851 | Crypt:3  | Found the +5 scythe "Finisher" {speed, execute}
 53931 | Crypt:3  | Found a basalt altar of Yredelemnul.
 53931 | Crypt:3  | Found an ancient bone altar of Kikubaaqudgha.
 53931 | Crypt:3  | Noticed a curse toe
 53936 | Crypt:3  | Killed a curse toe
 53966 | Crypt:3  | Identified the +5 war axe of Dithmenos's Wrath {antimagic,
                  | rPois rC- Will+ Str+5}
 54427 | Vaults:2 | Bought a scroll of teleportation for 57 gold pieces
 54427 | Vaults:2 | Bought a scroll of immolation for 76 gold pieces
 54429 | Vaults:2 | Bought a scroll of teleportation for 87 gold pieces
 54429 | Vaults:2 | Bought a scroll of teleportation for 87 gold pieces
 54429 | Vaults:2 | Bought a potion of curing for 87 gold pieces
 54610 | Depths:1 | Entered Level 1 of the Depths
 54610 | Depths:1 | Found a gateway to Hell.
 54757 | Depths:1 | Found a large runed translucent door.
 54757 | Depths:1 | Found a large runed translucent door.
 54761 | Depths:1 | Noticed Nico3ck's ghost (journeyman DsSu)
 54958 | Depths:1 | Found an opulent altar of Gozag.
 55370 | Depths:1 | Killed Nico3ck's ghost
 55379 | Depths:1 | Got a dusty book
 55420 | Depths:2 | Paralysed by a floating eye for 2 turns
 55470 | Depths:2 | Reached XP level 24. HP: 212/219 MP: 30/30
 55577 | Depths:2 | Found a transporter.
 55624 | Depths:2 | Found a transporter.
 55817 | Depths:2 | Identified the ring "Nocemyz" {rPois Str+7 Int-4 Dex+6}
 55850 | Depths:2 | Found a one-way gate leading to the halls of Pandemonium.
 55854 | Depths:2 | Reached skill level 25 in Fighting
 55855 | Depths:2 | Identified the +0 buckler "Feim" {rN+ Will- SInv}
 55972 | Depths:2 | Paralysed by a floating eye for 3 turns
 56020 | Depths:2 | Noticed Sojobo
 56028 | Depths:2 | Paralysed by an air elemental for 1 turns
 56033 | Depths:2 | Paralysed by an air elemental for 1 turns
 56038 | Depths:2 | Killed Sojobo
 56041 | Depths:2 | Identified the ring of Keril {rF++ Int+6}
 56330 | Depths:2 | Found the +10 morningstar "Eos" {elec, Halo rElec}
 56381 | Depths:2 | Noticed Margery
 56394 | Depths:2 | Killed Margery
 56474 | Depths:2 | Identified the ring "Gicwil" {Fly rPois Int+4}
 56649 | Depths:2 | Found Ximaut's Distillery.
 56689 | Depths:2 | Bought a potion of cancellation for 88 gold pieces
 56689 | Depths:2 | Bought a potion of heal wounds for 55 gold pieces
 56689 | Depths:2 | Bought a potion of curing for 33 gold pieces
 56689 | Depths:2 | Bought a potion of curing for 33 gold pieces
 56828 | Depths:2 | Found Reocvosm's Antique Armour Emporium.
 57057 | Vaults:2 | Bought a wand of roots (6) for 460 gold pieces
 57280 | Depths:3 | Found a one-way gateway to a ziggurat.
 57497 | Depths:3 | Identified the +0 helmet "Japutz" {Int+3}
 57800 | Depths:3 | Found the +8 longbow "Zephyr" {speed, Dex+3 SInv}
 57801 | Depths:3 | Found a runed translucent door.
 58352 | Depths:4 | Entered Level 4 of the Depths
 58687 | Depths:4 | Reached skill level 26 in Fighting
 58820 | Depths:4 | Found a gate to the Realm of Zot.
 59109 | Depths:4 | Found an iron altar of Okawaru.
 59936 | Slime:1  | Entered Level 1 of the Pits of Slime
 59942 | Slime:1  | Gained mutation: You are surrounded by an aura of silence.
                  | [demonic ancestry]
 59942 | Slime:1  | Reached XP level 25. HP: 230/230 MP: 30/30
 60224 | Slime:5  | Entered Level 5 of the Pits of Slime
 60294 | Slime:5  | Gained mutation: You sometimes lose your temper in combat.
                  | [a shining eye]
 60296 | Slime:5  | Gained mutation: Your body sometimes deteriorates upon
                  | taking damage. [a shining eye]
 60359 | Slime:5  | Found a viscous altar of Jiyva.
 60490 | Slime:5  | Noticed the Royal Jelly
 60498 | Slime:5  | Killed the Royal Jelly
 61070 | Slime:5  | Got a slimy rune of Zot
 61168 | Slime:5  | Identified the ring of Makhleb's Reproof {*Slow rC+ Will+
                  | Stlth+}
 61177 | Slime:5  | Identified the +3 war axe of Jaysawk {vamp, rC+}
 61501 | Lair:4   | Bought a bloodstained chain mail for 199 gold pieces
 61501 | Lair:4   | Identified the +0 chain mail of Vaozid {rPois MP+9 Str+5}
                  | (You bought it in a shop on level 4 of the Lair of Beasts)
 61502 | Lair:4   | Bought a fading chain mail for 199 gold pieces
 61502 | Lair:4   | Identified the +2 chain mail of Obrudasch {rF+ SInv} (You
                  | bought it in a shop on level 4 of the Lair of Beasts)
 61503 | Lair:4   | Bought a polished ring mail for 189 gold pieces
 61503 | Lair:4   | Identified the +0 ring mail of Xace {Dex+3 SInv} (You
                  | bought it in a shop on level 4 of the Lair of Beasts)
 61810 | Vaults:4 | Lost mutation: You sometimes lose your temper in combat.
                  | [potion of mutation]
 61810 | Vaults:4 | Lost mutation: Your body sometimes deteriorates upon taking
                  | damage. [potion of mutation]
 61810 | Vaults:4 | Gained mutation: You are strong-willed. (Will+) [potion of
                  | mutation]
 61810 | Vaults:4 | Gained mutation: You are clumsy. (Dex -2) [potion of
                  | mutation]
 61810 | Vaults:4 | Gained mutation: Your body sometimes deteriorates upon
                  | taking damage. [potion of mutation]
 61814 | Vaults:5 | Entered Level 5 of the Vaults
 61868 | Vaults:5 | Identified the ring of Salvation {rPois rF+ Slay+3}
 61966 | Vaults:5 | Reached skill level 27 in Fighting
 62649 | Vaults:5 | Found the +3 crown of Dyrovepreva {rElec Int+2 SInv}
 62739 | Vaults:5 | Identified the ring of Uceure Wurr {rN+ Str+2 Int+2}
 63127 | Vaults:5 | Got a silver rune of Zot
 63128 | Vaults:5 | Identified the +5 scale mail "Ahah Mung" {rF- Int+2 Dex+7
                  | Stlth+}
 64931 | Zot:1    | Entered Level 1 of the Realm of Zot
 64955 | Zot:1    | Found the +4 dragonskin cloak
 64955 | Zot:1    | Noticed Tiamat
 64974 | Zot:1    | Killed Tiamat
 64976 | Zot:1    | Gained mutation: You regenerate a lot of health from kills.
                  | [demonic ancestry]
 64976 | Zot:1    | Reached XP level 26. HP: 242/242 MP: 30/30
 65759 | Zot:2    | Bought a scroll of revelation for 135 gold pieces
 65759 | Zot:2    | Bought a scroll of fog for 72 gold pieces
 65759 | Zot:2    | Bought a potion of cancellation for 144 gold pieces
 65759 | Zot:2    | Bought a potion of enlightenment for 90 gold pieces
 68368 | Zot:3    | Reached skill level 15 in Evocations
 68911 | Zot:4    | Identified the +8 hand axe "Qysho" {flame, rF+}
 69035 | Zot:4    | Identified the +0 robe of the Spider Nest {Will+ Str+4
                  | Dex-2}
 69114 | Zot:4    | Reached XP level 27. HP: 249/249 MP: 30/30
 69346 | Zot:4    | Identified the +1 robe of Okawaru's Vengeance {rC+ Int+4}
 69952 | Zot:5    | Entered Level 5 of the Realm of Zot
 70147 | Zot:5    | Noticed an orb of fire
 70158 | Zot:5    | Killed an orb of fire
 70789 | Zot:5    | Noticed a dread lich
 70913 | Zot:5    | Noticed an orb of fire
 70966 | Zot:5    | Killed an orb of fire
 71013 | Zot:5    | Noticed a dread lich
 71022 | Zot:5    | Killed a dread lich
 71069 | Zot:5    | Noticed a dread lich
 71071 | Zot:5    | Noticed an orb of fire
 71079 | Zot:5    | Killed a dread lich
 71086 | Zot:5    | Killed an orb of fire
 71093 | Zot:5    | Killed a dread lich
 71181 | Zot:5    | Noticed an orb of fire
 71195 | Zot:5    | Noticed an ancient lich
 71200 | Zot:5    | Noticed a dread lich
 71208 | Zot:5    | Killed an ancient lich
 71209 | Zot:5    | Noticed a dread lich
 71211 | Zot:5    | Killed a dread lich
 71212 | Zot:5    | Noticed a dread lich
 71220 | Zot:5    | Killed a dread lich
 71241 | Zot:5    | Killed a dread lich
 71461 | Zot:5    | Identified the +0 scale mail of Elyvilon's Inspiration {rF+
                  | rN+ Int+6}
 71507 | Zot:5    | Gained mutation: Potions are less effective at restoring
                  | your health. [an orb of fire]
 71512 | Zot:5    | Killed an orb of fire
 71774 | Zot:5    | Bought the ring "Inuu" {rN+ Slay+4} for 1338 gold pieces
 72015 | Zig:1    | Entered Level 1 of a ziggurat
 72083 | Zig:2    | Entered Level 2 of a ziggurat
 72084 | Zig:2    | Noticed a dread lich
 72089 | Zig:2    | Killed a dread lich
 72093 | Zig:2    | Identified the +1 lajatang "Cilekonn" {chaos, *Noise rC-
                  | Will+ Int+8}
 72132 | Zig:3    | Entered Level 3 of a ziggurat
 72176 | Zig:4    | Entered Level 4 of a ziggurat
 72216 | Zig:5    | Entered Level 5 of a ziggurat
 72263 | Zig:5    | Identified the ring of Zagaet {rPois rF- rC+ Dex+7 SInv}
 72277 | Zig:6    | Entered Level 6 of a ziggurat
 72313 | Zig:6    | Identified the +1 chain mail of the Evening Star {Harm rC-
                  | Will- Str+5}
 72322 | Zig:6    | Lost mutation: You are strong-willed. (Will+) [potion of
                  | mutation]
 72322 | Zig:6    | Lost mutation: You are clumsy. (Dex -2) [potion of
                  | mutation]
 72322 | Zig:6    | Lost mutation: Your body sometimes deteriorates upon taking
                  | damage. [potion of mutation]
 72322 | Zig:6    | Gained mutation: You have supernaturally acute eyesight.
                  | (SInv) [potion of mutation]
 72322 | Zig:6    | Gained mutation: You are occasionally teleported next to
                  | monsters. [potion of mutation]
 72323 | Zig:6    | Lost mutation: Potions are less effective at restoring your
                  | health. [potion of mutation]
 72323 | Zig:6    | Lost mutation: You have supernaturally acute eyesight.
                  | (SInv) [potion of mutation]
 72323 | Zig:6    | Gained mutation: You possess an exceptional clarity of
                  | mind. [potion of mutation]
 72323 | Zig:6    | Gained mutation: You passively dampen the noise of your
                  | surroundings. [potion of mutation]
 72324 | Zig:6    | Lost mutation: You passively dampen the noise of your
                  | surroundings. [potion of mutation]
 72324 | Zig:6    | Lost mutation: You possess an exceptional clarity of mind.
                  | [potion of mutation]
 72324 | Zig:6    | Lost mutation: You are occasionally teleported next to
                  | monsters. [potion of mutation]
 72324 | Zig:6    | Gained mutation: Your skin changes colour to match your
                  | surroundings (Stealth+). [potion of mutation]
 72324 | Zig:6    | Gained mutation: Your spells are a little harder to cast,
                  | but a little more powerful. [potion of mutation]
 72324 | Zig:6    | Gained mutation: You possess an exceptional clarity of
                  | mind. [potion of mutation]
 72334 | Zig:7    | Entered Level 7 of a ziggurat
 72340 | Zig:7    | Noticed an orb of fire
 72349 | Zig:7    | Gained mutation: Armour fits poorly on your strangely
                  | shaped body. [an orb of fire]
 72350 | Zig:7    | Killed an orb of fire
 72384 | Zig:7    | Identified the +0 robe of a Million Spines {rElec rC-
                  | Stlth+}
 72387 | Zig:7    | Identified the +7 arbalest of Melee {freeze, rElec rF+
                  | rCorr Dex-5}
 72393 | Zig:8    | Entered Level 8 of a ziggurat
 72462 | Zig:8    | Identified the +4 scale mail of Bumeh {Rampage *Corrode
                  | rF++ Str+4}
 72479 | Zig:8    | Identified the orb "Ohin" {guile, rPois Dex+2 Stlth-}
 72483 | Zig:9    | Entered Level 9 of a ziggurat
 72488 | Zig:9    | Noticed Ymonos the pandemonium lord
 72492 | Zig:9    | Noticed Leomuf the pandemonium lord
 72511 | Zig:9    | Killed Leomuf the pandemonium lord
 72535 | Zig:9    | Killed Ymonos the pandemonium lord
 72564 | Zig:9    | Got a curling book
 72565 | Zig:9    | Identified the ring "Rikod" {rF+ rC+ rN+}
 72579 | Zig:10   | Entered Level 10 of a ziggurat
 72676 | Zig:10   | Identified the +1 scale mail of Rationality {Will- Str+5
                  | Slay+2}
 72677 | Zig:10   | Identified the +2 buckler of the Freezing Gods {Fly}
 72913 | Zig:11   | Entered Level 11 of a ziggurat
 72924 | Zig:11   | Noticed Kow Pywn the pandemonium lord
 72925 | Zig:11   | Noticed Tuutump the pandemonium lord
 72925 | Zig:11   | Noticed Guinaov the pandemonium lord
 72946 | Zig:11   | Killed Tuutump the pandemonium lord
 72952 | Zig:11   | Killed Guinaov the pandemonium lord
 72969 | Zig:11   | Killed Kow Pywn the pandemonium lord
 73028 | Zig:12   | Entered Level 12 of a ziggurat
 73141 | Zig:12   | Identified the +5 broad axe of Neociur {freeze, rElec rF-
                  | Str+5 Int+2}
 73142 | Zig:12   | Identified the amulet "Zyemeorch" {Acrobat rF- rN+ Dex+2
                  | Slay+3}
 73143 | Zig:12   | Identified the staff of the Pits of Slime {Fly rPois Str+6
                  | Poison}
 73147 | Zig:12   | Identified the +2 broad axe "Utacaow" {flame, *Corrode
                  | +Blink Fly Will++}
 73163 | Zig:13   | Entered Level 13 of a ziggurat
 73201 | Zig:13   | Paralysed by accursed screaming for 1 turns
 73230 | Zig:13   | Paralysed by accursed screaming for 2 turns
 73374 | Zig:13   | Identified the amulet of the Firefly {Faith Regen+ Int+5}
 73394 | Zig:13   | Identified the +0 hat of Ubrurio {-Tele rElec rC+ rCorr
                  | Int+2}
 73397 | Zig:13   | Identified the +1 dagger of Regicide {heavy, *Slow rElec
                  | Will+++ Int+3}
 73577 | Pan      | Entered Pandemonium
 73645 | Pan      | Noticed Keomeil the pandemonium lord
 73656 | Pan      | Killed Keomeil the pandemonium lord
 73841 | Pan      | Noticed Mennas
 73860 | Pan      | Killed Mennas
 73952 | Pan      | Found an exit through the horrors of the Abyss.
 74133 | Pan      | Noticed Cetak the pandemonium lord
 74157 | Pan      | Killed Cetak the pandemonium lord
 74413 | Pan      | Entered the realm of Cerebov.
 74447 | Pan      | Identified the +7 scale mail of Wuvar {*Corrode rPois
                  | Int+6}
 74479 | Pan      | Identified the +3 pair of boots of the Weaver {Stlth+}
 74505 | Pan      | Found the +6 sword of Cerebov {flame}
 74505 | Pan      | Noticed Cerebov
 74555 | Pan      | Killed Cerebov
 74584 | Pan      | Identified the +12 demon whip of Terra Cotta {elec, Int+2}
 74598 | Pan      | Identified the ring of Spite {EV+5 Str+5 Int+5}
 74631 | Pan      | Identified the orb "Dyvussyc" {mayhem, rPois Regen+ Dex+3}
 74653 | Pan      | Identified the ring of Omobo {Fly rElec rPois rN+}
 74677 | Pan      | Identified the staff "Cimoun" {rPois Will+ Str+2 Earth}
 74745 | Pan      | Got a fiery rune of Zot
 74832 | Pan      | Entered the realm of Mnoleg.
 74850 | Pan      | Lost mutation: You possess an exceptional clarity of mind.
                  | [a cacodemon]
 75009 | Pan      | Noticed Mnoleg
 75070 | Pan      | Gained mutation: You are clumsy. (Dex -2) [a shining eye]
 75073 | Pan      | Gained mutation: You are vulnerable to cold. (rC-) [a
                  | neqoxec]
 75083 | Pan      | Gained mutation: You are occasionally teleported next to
                  | monsters. [Mnoleg's mutagenic touch]
 75085 | Pan      | Killed Mnoleg
 75293 | Pan      | Gained mutation: You have a pair of small horns on your
                  | head. [a neqoxec]
 75370 | Pan      | Found an exit through the horrors of the Abyss.
 75400 | Pan      | Gained mutation: Potions are less effective at restoring
                  | your health. [a shining eye]
 75577 | Pan      | Got a glowing rune of Zot
 75649 | Pan      | Lost mutation: Your spells are a little harder to cast, but
                  | a little more powerful. [potion of mutation]
 75649 | Pan      | Lost mutation: Your skin changes colour to match your
                  | surroundings (Stealth+). [potion of mutation]
 75649 | Pan      | Gained mutation: You are robust. (+10% HP) [potion of
                  | mutation]
 75649 | Pan      | Lost mutation: You are clumsy. (Dex -2) [potion of
                  | mutation]
 75649 | Pan      | Gained mutation: Your muscles are strong. (Str +4, Int/Dex
                  | -1) [potion of mutation]
 75650 | Pan      | Lost mutation: You are robust. (+10% HP) [potion of
                  | mutation]
 75650 | Pan      | Lost mutation: Armour fits poorly on your strangely shaped
                  | body. [potion of mutation]
 75650 | Pan      | Gained mutation: You have hidden genetic defects. [potion
                  | of mutation]
 75651 | Pan      | Lost mutation: You have hidden genetic defects. [potion of
                  | mutation]
 75651 | Pan      | Lost mutation: You have a pair of small horns on your head.
                  | [potion of mutation]
 75651 | Pan      | Lost mutation: Your muscles are strong. (Str +4, Int/Dex
                  | -1) [potion of mutation]
 75651 | Pan      | Gained mutation: Your mind is acute. (Int +4, Str/Dex -1)
                  | [potion of mutation]
 75651 | Pan      | Gained mutation: You have hidden genetic defects. [potion
                  | of mutation]
 75651 | Pan      | Lost mutation: You are vulnerable to cold. (rC-) [potion of
                  | mutation]
 75651 | Pan      | Gained mutation: You have large cloven feet. [potion of
                  | mutation]
 75652 | Pan      | Lost mutation: You have hidden genetic defects. [potion of
                  | mutation]
 75652 | Pan      | Lost mutation: Potions are less effective at restoring your
                  | health. [potion of mutation]
 75652 | Pan      | Gained mutation: You are vulnerable to cold. (rC-) [potion
                  | of mutation]
 75652 | Pan      | Lost mutation: You are vulnerable to cold. (rC-) [potion of
                  | mutation]
 75652 | Pan      | Gained mutation: You have a pair of small antennae on your
                  | head. [potion of mutation]
 75653 | Pan      | Lost mutation: You have large cloven feet. [potion of
                  | mutation]
 75653 | Pan      | Lost mutation: You have a pair of small antennae on your
                  | head. [potion of mutation]
 75653 | Pan      | Gained mutation: You passively dampen the noise of your
                  | surroundings. [potion of mutation]
 75653 | Pan      | Gained mutation: Your skin changes colour to match your
                  | surroundings (Stealth+). [potion of mutation]
 75654 | Pan      | Lost mutation: You passively dampen the noise of your
                  | surroundings. [potion of mutation]
 75654 | Pan      | Lost mutation: Your mind is acute. (Int +4, Str/Dex -1)
                  | [potion of mutation]
 75654 | Pan      | Gained mutation: You are weak. (Str -2) [potion of
                  | mutation]
 75654 | Pan      | Gained mutation: You do not regenerate when monsters are
                  | visible. [potion of mutation]
 75655 | Pan      | Lost mutation: Your skin changes colour to match your
                  | surroundings (Stealth+). [potion of mutation]
 75655 | Pan      | Lost mutation: You are weak. (Str -2) [potion of mutation]
 75655 | Pan      | Lost mutation: You are occasionally teleported next to
                  | monsters. [potion of mutation]
 75655 | Pan      | Gained mutation: Your mind is acute. (Int +4, Str/Dex -1)
                  | [potion of mutation]
 75655 | Pan      | Gained mutation: You occasionally lose the ability to drink
                  | potions when taking damage. [potion of mutation]
 75655 | Pan      | Gained mutation: You have hidden genetic potential. [potion
                  | of mutation]
 75656 | Pan      | Lost mutation: You occasionally lose the ability to drink
                  | potions when taking damage. [potion of mutation]
 75656 | Pan      | Lost mutation: You have hidden genetic potential. [potion
                  | of mutation]
 75656 | Pan      | Gained mutation: You are frail. (-10% HP) [potion of
                  | mutation]
 75656 | Pan      | Gained mutation: You are partially covered in large bone
                  | plates. (SH +4) [potion of mutation]
 75657 | Pan      | Lost mutation: Your mind is acute. (Int +4, Str/Dex -1)
                  | [potion of mutation]
 75657 | Pan      | Lost mutation: You do not regenerate when monsters are
                  | visible. [potion of mutation]
 75657 | Pan      | Lost mutation: You are partially covered in large bone
                  | plates. (SH +4) [potion of mutation]
 75657 | Pan      | Gained mutation: You are weak. (Str -2) [potion of
                  | mutation]
 75657 | Pan      | Gained mutation: You possess an exceptional clarity of
                  | mind. [potion of mutation]
 75657 | Pan      | Lost mutation: You are weak. (Str -2) [potion of mutation]
 75672 | Pan      | Gained mutation: You are very frail. (-20% HP) [a
                  | cacodemon]
 75955 | Pan      | Noticed Ignacio
 75962 | Pan      | Killed Ignacio
 76816 | Pan      | Entered the realm of Lom Lobon.
 76835 | Pan      | Reached skill level 15 in Short Blades
 76939 | Pan      | Noticed Lom Lobon
 76947 | Pan      | Killed Lom Lobon
 76991 | Pan      | Got a magical rune of Zot
 77144 | Pan      | Identified the +2 buckler of Elyvilon's Wrath {Drain rC+
                  | rCorr Slay+5}
 77163 | Pan      | Noticed a seraph
 77170 | Pan      | Killed a seraph
 77185 | Pan      | Got a demonic rune of Zot
 77188 | Pan      | Identified the amulet of the Townfolk {RegenMP rN+ Int+3
                  | Dex+2}
 77564 | Pan      | Identified the +0 cloak "Jyrom" {rPois rC+ Dex-4}
 77681 | Depths:2 | Escaped Pandemonium
 77941 | Zot:5    | Got the Orb of Zot
 78320 | D:14     | Noticed a seraph
 78563 | D:$      | Escaped with the Orb!

Illustrated notes

Levels and vault maps discovered:
D:1:      tarquinn_simple_flora_water_c, layout_basic,
          ebering_ecumenical_altar_abandoned
D:2:      layout_basic, grunt_ministairs_7
D:3:      layout_loops_ring, xom_teletrap_fun,
          nicolae_hepliaklqana_monster_ancestors, serial_shops,
          nicolae_square_shop
D:4:      layout_cave_pools, kennysheep_mini, kennysheep_path_1, uniq_menkaure
D:5:      layout_layer_cave, cheibrodos_sewer_entry_bend,
          lexackson_kobold_supper, uniq_ijyb
D:6:      lemuel_ratsnest, layout_loops_ring, nemelex_xobeh_ov_fountains_minmay,
          cheibrodos_ashenzari_chains, uniq_edmund
D:7:      layout_basic, minmay_temple_entry_sparse_star,
          nicolae_ossuary_entry_false_entrances
D:8:      layout_basic, lair_entry_dummy, serial_shops, shop,
          nicolae_shop_statue_plus, shop, nicolae_shop_just_a_little_nook,
          nicolae_lakefront_shop, gammafunk_ghost_hydra_chop,
          minmay_misc_feat_tower
D:9:      layout_loops_corners, mainiacjoe_overflow_surrounded_room,
          serial_shops, nicolae_take_the_stairs, statue_in_the_mist_lemuel,
          nicolae_shop_i_like_big_books, minmay_misc_feat_diagonals,
          uniq_gastronok
D:10:     layout_grid_maze, dancing_weapons_uskayaw,
          mainiacjoe_overflow_alcove_2, mainiacjoe_overflow_catwalk,
          special_room [special_room_orc],
          hellmonk_guarded_unrand_vitality_bloodlust
D:11:     gammafunk_boulding_lane, layout_basic, tgw_trog
D:12:     layout_roguey, zombieorc2_lemuel
D:13:     layout_stronghold, david_vaults_2, portal_ice_cave_entry_imps,
          serial_shops, bzr_entry_gold, nicolae_underground_beach
D:14:     layout_cave_pods
D:15:     hellmonk_depths_entry_around_the_bend, layout_loops_ring,
          hangedman_decor_push, uniq_kirke, uniq_roxanne
Lair:1:   layout_gridlike, grunt_megastairs_1
Lair:2:   layout_chaotic_city, spider_nest_entry_rubble, kennysheep_snail_temple
Lair:3:   layout_cave_pods, elwin_shoals_entry_stream, enter_volcano_1,
          grunt_megastairs_5
Lair:4:   layout_hall_layers, slime_entry_1, serial_bayou_shore_b
Lair:5:   gammafunk_lair_ancient_temple, layout_cave_pods,
          nicolae_lair_grove_arrangements, lemuel_fruit_tree,
          infiniplex_staircase_pool_2, uniq_snorg
Shoals:1: layout_shoals, uniq_mlioglotl
Shoals:2: layout_shoals
Shoals:3: layout_shoals, nicolae_shoals_shepherds, uniq_ilsuiw, uniq_mara
Shoals:4: shoals_end_hangedman, layout_shoals, serial_shops, shop,
          minmay_shop_mass, nicolae_shoals_bring_sunscreen
Spider:1: layout_spider_delve, uniq_asterion
Spider:2: cheibrodos_forgotten_conduit
Spider:3: layout_spider_delve, uniq_louise
Spider:4: guppyfry_spider_rune, gammafunk_ghost_grave, uniq_donald, uniq_aizul,
          uniq_arachne
Slime:1:  layout_caves, cheibrodos_slime_lost_civilization_6
Slime:2:  layout_caves
Slime:3:  layout_caves
Slime:4:  layout_caves
Slime:5:  slime_pit_nicolae_inversion
Orc:1:    layout_caves, uniq_jorgrun
Orc:2:    st_orc_pillars, layout_diamond_mine
Elf:1:    nicolae_elf_arrival_no_cutting_in_line, layout_loops_cross,
          minmay_elf_crystal_heptagon, grunt_ministairs_14,
          dreamdust_mushroom_princess, st_stairs_2
Elf:2:    elven_hall_of_blades_hangedman_alternative
          [nicolae_blade_little_rooms], layout_loops_ring, minmay_shop_star
Elf:3:    elf_hall, layout_gridlike, minmay_elf_sorcery
Vaults:1: ebering_ghost_rock_garden, nicolae_vaults_network_s,
          hangedman_vaults_pinch, st_more_cells,
          ontoclasm_vaults_loading_screen, v_misc_18,
          nicolae_vaults_tetromino_T_2, v_misc_11,
          nicolae_vaults_storage_closets_1, v_misc_19,
          nicolae_vaults_border_crossing, nicolae_vaults_house_2,
          v_alt_pattern_4, layout_vaults_ring, uniq_saint_roka
Vaults:2: nicolae_vaults_shipping_containers_7, vaults_room_door_ring,
          nicolae_vaults_heart-shaped_vault, hangedman_vaults_snaps, v_misc_23,
          vaults_dpeg_cross, ontoclasm_vaults_decontamination,
          nicolae_vaults_wrenched, dpeg_vaults_monster_box,
          ontoclasm_vaults_fault, v_misc_19, nicolae_vaults_house_2,
          nicolae_vaults_trapezoid_lopsided_1, nicolae_vaults_network_periphery,
          grunt_vaults_trifunnel, grunt_vaults_focal, nicolae_vaults_little_ls,
          layout_vaults_maze, serial_shops, shop, shop, nicolae_shop_crystal,
          shop
Vaults:3: minmay_crypt_entry_simple_walls, nicolae_vaults_yaktaur_gun_rack,
          hangedman_vaults_stagger, nicolae_vaults_octothorpe,
          hangedman_vaults_hat, hangedman_vaults_restitches, vaults_room_pools,
          nicolae_vaults_sightless_eye, v_alt_pattern_5, vaults_room_grid,
          layout_vaults_omnigrid, serial_shops, shop
Vaults:4: nicolae_vaults_network_square, nicolae_vaults_trapezoid_lopsided_4,
          ontoclasm_vaults_tryst, nicolae_vaults_two_Ls,
          nicolae_vaults_sesquioval_fish, nicolae_vaults_shrinking_rooms_1,
          vaults_room_semicircle, nicolae_vaults_house_3,
          layout_vaults_big_cross
Vaults:5
Crypt:1:  minmay_guarded_unrand_sceptre_of_torment, layout_chaotic_city,
          amcnicky_altar_lugonu_corruption
Crypt:2:  cheibrodos_crypt_draghalla, layout_rooms
Crypt:3:  lightli_unholy_cathedral, layout_chaotic_city,
          nicolae_tomb_entry_unfolded_pyramid_diagonal, st_shrine_of_skulls,
          uniq_khufu
Depths:1: layout_cave_pools, chequers_serial_rivers_small_a,
          ebering_ghost_disaster_area, hell_entry, minmay_stone_trees_medium,
          nicolae_gozag_cash_rules_everything_around_me
Depths:2: hangedman_spin_cycle, pan_entry, hell_entry
Depths:3: minmay_gate_of_8, layout_cave_pools, enter_ziggurat_e, abyss_entry,
          grunt_hell_entry_dis_old, hangedman_abyss_or_decor_slice,
          serial_sigils, serial_sigils_hangedman_shear,
          serial_sigils_hangedman_snap, serial_sigils_hangedman_snap,
          serial_sigils_hangedman_scratch
Depths:4: grunt_zot_entry_bicorn, layout_small_grid, lightli_too_deep,
          okawaru_trees_2, grunt_megastairs_2
Zot:1:    layout_gridlike, uniq_tiamat
Zot:2:    infiniplex_zot_generator, layout_cathedral_of_symmetry
Zot:3:    layout_misc_corridors
Zot:4:    layout_concentric_octagons
Zot:5:    layout_misc_corridors, skrybe_zot_glass_1

Skill      XL: |  1  2  3  4  5  6  7  8  9 10 11 12 13 14 15 16 17 18 19 20 21 22 23 24 25 26 27 |
---------------+----------------------------------------------------------------------------------+-----
Stealth        | 1 2 3 4 5 6 7 8 10 11 12 13 | 13.9
Fighting       | 2 3 4 5 6 7 8 9 11 12 13 14 15 16 17 19 21 23 24 26 27 | 27.0
Evocations     | 4 5 6 7 9 10 12 15 18 | 18.2
Short Blades   | 3 5 7 8 9 10 12 13 14 16 | 16.0
Hexes          | 1 5 8 9 |  9.0
Spellcasting   | 1 3 5 |  5.0
Dodging        | 4 6 8 10 11 12 14 15 16 17 18 19 20 25 | 25.6
Armour         | 2 7 11 12 13 15 16 17 18 19 20 21 22 26 | 26.8

Action                     |  1- 3 |  4- 6 |  7- 9 | 10-12 | 13-15 | 16-18 | 19-21 | 22-24 | 25-27 || total
---------------------------+-------+-------+-------+-------+-------+-------+-------+-------+-------++-------
  Melee: Club              |    11 |       |       |       |       |       |       |       |       ||    11
         Staff             |     7 |       |       |       |       |       |       |       |       ||     7
         Hand axe          |    26 |    92 |     6 |       |       |       |       |       |       ||   124
         Rapier            |       |       |   410 |   433 |   816 |       |       |       |       ||  1659
         Punch             |       |       |     6 |     2 |       |       |       |       |       ||     8
         Touch             |       |       |    56 |    11 |       |       |       |       |       ||    67
         Pair of quick bla |       |       |       |       |   665 |  1498 |  2656 |  3921 |  7850 || 16590
         Headbutt          |       |       |       |       |       |       |       |       |    43 ||    43
   Fire: Sling             |    74 |    86 |     8 |       |       |       |       |       |       ||   168
  Throw: Dart              |       |       |     7 |       |       |       |       |       |       ||     7
         Throwing net      |       |       |       |       |       |       |       |       |     3 ||     3
   Cast: Confusing Touch   |       |       |       |    38 |    72 |       |       |       |       ||   110
         Sigil of Binding  |       |       |       |     4 |     1 |       |       |       |       ||     5
 Invoke: Call Merchant     |       |       |       |     1 |     1 |     2 |     2 |     2 |     4 ||    12
         Potion Petition   |       |       |       |       |       |       |       |       |     4 ||     4
         Bribe Branch      |       |       |       |       |       |       |       |       |     1 ||     1
  Evoke: Wand              |     4 |    18 |    12 |     3 |       |       |     2 |       |     3 ||    42
         Phial of floods   |       |       |       |       |       |     1 |       |       |       ||     1
         Sack of spiders   |       |       |       |       |       |       |       |       |     1 ||     1
         Lightning rod     |       |       |       |       |       |       |       |       |     1 ||     1
         Phantom mirror    |       |       |       |       |       |       |       |       |     1 ||     1
    Use: Scroll            |       |     6 |    12 |    10 |     9 |     1 |     1 |     2 |    11 ||    52
         Potion            |       |     1 |     6 |       |       |     2 |       |       |    32 ||    41
   Stab: Sleeping          |       |     5 |    23 |    12 |    21 |    15 |    24 |     8 |     4 ||   112
         Distracted        |       |     1 |     5 |     4 |    18 |    19 |    20 |    21 |    63 ||   151
         Held in net/web   |       |       |     1 |       |       |       |       |       |    13 ||    14
         Invisible         |       |       |     1 |       |       |       |       |       |     2 ||     3
         Confused          |       |       |       |    47 |    56 |       |       |       |     4 ||   107
 Armour: Leather armour    |    34 |    94 |   295 |   260 |   275 |       |       |       |       ||   958
         Plate armour      |       |       |       |       |   113 |   431 |   430 |       |       ||   974
         Gold dragon scale |       |       |       |       |       |       |    48 |   608 |  1508 ||  2164
  Dodge: Dodged            |    33 |    69 |   226 |   181 |   343 |   199 |   231 |   353 |   958 ||  2593
         Repelled          |       |       |       |       |     2 |     1 |       |       |       ||     3

Table legend: (Time is in decaauts)
 A = Elapsed time spent in this place.
 B = Non-inter-level travel time spent in this place.
 C = Inter-level travel time spent in this place.
 D = Time resting spent in this place.
 E = Time spent auto-exploring this place.
 F = Levels seen in this place.
 G = Mean time per level.
                   A        B        C        D        E       F      G
               +--------+--------+--------+--------+--------+-----+--------+
         Total |  80558 |  73234 |   7324 |   9604 |  45531 |  87 |  926.0 |
       Dungeon |  19796 |  16709 |   3087 |   1356 |  11836 |  15 | 1319.7 |
          Lair |   8549 |   7873 |    676 |   1733 |   4317 |   5 | 1709.8 |
        Shoals |   4636 |   4475 |    161 |    654 |   2833 |   4 | 1159.0 |
   Spider Nest |   3937 |   3772 |    165 |    186 |   2743 |   4 |  984.2 |
    Slime Pits |   1544 |   1471 |     73 |    145 |    562 |   5 |  308.8 |
  Orcish Mines |   1979 |   1639 |    340 |      2 |   1071 |   2 |  989.5 |
   Elven Halls |   4432 |   4172 |    260 |    537 |   2931 |   3 | 1477.3 |
        Vaults |  10467 |   9225 |   1242 |   1608 |   6323 |   5 | 2093.4 |
         Crypt |   4162 |   4000 |    162 |    903 |   2290 |   3 | 1387.3 |
        Depths |   5114 |   4576 |    538 |    812 |   2909 |   4 | 1278.5 |
           Zot |   7715 |   7101 |    614 |    629 |   4724 |   5 | 1543.0 |
   Pandemonium |   3747 |   3747 |      0 |    196 |   1127 |  14 |  267.6 |
      Ziggurat |   1347 |   1347 |      0 |    347 |    260 |  13 |  103.6 |
        Bazaar |    172 |    172 |      0 |      0 |     79 |   1 |  172.0 |
         Sewer |    472 |    472 |      0 |     18 |    266 |   1 |  472.0 |
       Ossuary |    306 |    306 |      0 |      0 |    172 |   1 |  306.0 |
      Ice Cave |    917 |    917 |      0 |      0 |    670 |   1 |  917.0 |
       Volcano |   1260 |   1260 |      0 |    473 |    413 |   1 | 1260.0 |
               +--------+--------+--------+--------+--------+-----+--------+

Top non-repeatable levels by time:
Vaults:5: 2931 daAuts
Vaults:2: 2263 daAuts
   Zot:2: 2215 daAuts
   Zot:5: 2097 daAuts
Vaults:1: 2059 daAuts
    D:13: 2032 daAuts
  Lair:5: 1986 daAuts
     D:8: 1966 daAuts
  Lair:2: 1956 daAuts
   Elf:3: 1931 daAuts
    D:10: 1872 daAuts
Vaults:3: 1839 daAuts
 Crypt:3: 1838 daAuts
  Lair:1: 1807 daAuts
     D:9: 1748 daAuts
